 Dungeon Sprint DCSS version 0.19-a0-1170-g18f0c96 (webtiles) character file.

491 Deeps the Blocker (level 6, -2/63 HPs)
             Began as a Deep Dwarf Fighter on Aug 16, 2016.
             Was a Follower of Okawaru.
             Slain by a skeletal warrior
             ... wielding a +0 trident
              (9 damage)
             ... in the Dungeon (Sprint IX: "|||||||||||||||||||||||||||||").
             The game lasted 00:01:09 (150 turns).

Deeps the Blocker (Deep Dwarf Fighter)               Turns: 150, Time: 00:01:10

Health: -2/63      AC: 13    Str: 22    XL:     6   Next: 91%
Magic:  11/15      EV: 12    Int:  8    God:    Okawaru [*.....]
Gold:   0          SH: 11    Dex: 12    Spells: 0 memorised, 5 levels left

rFire  . . .     SeeInvis .     r - +3 war axe of the Sky {freeze, rC+ MP+9}
rCold  + . .     Gourm    .     b - +0 scale mail
rNeg   . . .     Faith    .     c - +0 shield
rPois  .         Spirit   .     (no helmet)
rElec  .         Dismiss  .     s - +0 cloak
rCorr  .         Reflect  .     (no gloves)
MR     .....     Harm     .     (no boots)
Stlth  .......... NoTele   +    (no amulet)
                                u - +2 ring of protection
                                t - +2 ring of protection

@: non-regenerating
A: damage resistance, recharge devices, sense surroundings 1, slow regeneration
3
a: Device Recharging, Heroism, Renounce Religion


You were in the Dungeon.
You worshipped Okawaru.
Okawaru was aware of your devotion.
You were not hungry.

You visited 1 branch

Inventory:

Hand Weapons
 a - a +0 war axe
 r - the +3 war axe of the Sky (weapon) {freeze, rC+ MP+9}
   (You found it in the Dungeon)

   It has been specially enchanted to freeze those struck by it, causing extra
   injury to most foes and up to half again as much damage against particularly
   susceptible opponents.
   It can also slow down cold-blooded creatures.
   It protects you from cold.
   It affects your magic capacity (+9).
Armour
 b - a +0 scale mail (worn)
 c - a +0 shield (worn)
 s - a +0 cloak (worn)
Magical Staves
 q - an uncursed staff of energy
Jewellery
 t - a +2 ring of protection (left hand)
 u - a +2 ring of protection (right hand)
Wands
 e - a wand of heal wounds (4/9)
 p - a wand of acid (7/15)
Scrolls
 l - 2 scrolls of blinking
 n - 3 scrolls of remove curse
 o - 2 scrolls of amnesia
Potions
 d - a potion of might
 g - 5 potions of curing
 h - 3 potions of heal wounds
 i - a potion of haste
 j - 4 potions of magic
 k - a potion of berserk rage
 m - a potion of invisibility
Comestibles
 f - a bread ration


   Skills:
 + Level 6.8 Fighting
 + Level 7.2 Axes
 + Level 7.9 Armour
 + Level 6.2 Dodging
 + Level 8.9 Shields


You had 5 spell levels left.
You didn't know any spells.

Dungeon Overview and Level Annotations

Branches:
Dungeon (1/1)

Altars:
Cheibriados
Dithmenos
Elyvilon
Fedhas
Gozag
Hepliaklqana
Kikubaaqudgha
Makhleb
Nemelex Xobeh
Okawaru
Pakellas
Qazlal
Ru
Sif Muna
Trog
Uskayaw
Vehumet
Xom
Yredelemnul
Zin
The Shining One
Beogh
Jiyva
Lugonu


Innate Abilities, Weirdness & Mutations

You are resistant to damage.
You can recharge devices by infusing magical energy.
You passively map a small area around you.
You do not regenerate naturally.


Message History

Your Dodging skill increases to level 6!
There is an open door to the Dungeon, spattered with blood here.
You see here a yak corpse.
You open the door.
An orc, an ogre, a vampire, a phantom, a skeletal warrior and a skeleton come into view.
The orc shouts!
The ogre shouts!
The phantom blinks!
The skeletal warrior hits you from afar with a trident!!
You slash the phantom! You freeze the phantom.
The phantom is heavily damaged.
The phantom hits you but does no damage.
The skeletal warrior hits you from afar with a trident!!
* * * LOW HITPOINT WARNING * * *
The phantom blinks!
You barely miss the phantom.
The phantom is heavily damaged.
The skeletal warrior hits you from afar with a trident.
You block the phantom's attack.
The skeletal warrior hits you from afar with a trident!
You die...

*
▓▓▓▓▓▓▓▓▓▓▓▓▓▓▓▓▓▓▓▓▓▓▓▓
.oZVOzW@.....†..[[.)...'
*
▓▓▓▓▓▓▓▓▓▓▓▓▓▓▓▓▓▓▓▓▓▓▓▓
, , ,,, , , , ,, *** * *
* * *, ,,,,, ,+ , ,+ **
*** * * , , * ** * * , +
,,


You could see a skeletal warrior, a phantom, a vampire, an ogre, an orc and a
quokka skeleton.

Vanquished Creatures
  A yak (D)
  A necrophage (D)
  2 giant frogs (D)
  A crimson imp (D)
  A hound (D)
  A jelly (D)
  A worker ant (D)
  An adder (D)
  An ooze (D)
  A dart slug (D)
  A bat skeleton (D)
  A giant cockroach (D)
  A hobgoblin (D)
  A quokka (D)
  A kobold (D)
16 creatures vanquished.

Notes
Turn   | Place    | Note
-------+----------+-------------------------------------------
     0 | D        | Deeps the Deep Dwarf Fighter began the quest for the Orb.
     0 | D        | Reached XP level 1. HP: 20/20 MP: 1/1
    13 | D        | Reached skill level 4 in Shields
    13 | D        | Reached XP level 2. HP: 25/28 MP: 2/2
    22 | D        | Noticed a crimson imp
    37 | D        | Reached skill level 5 in Armour
    37 | D        | Reached skill level 1 in Dodging
    37 | D        | Reached skill level 5 in Shields
    37 | D        | Reached XP level 3. HP: 25/36 MP: 3/3
    43 | D        | Reached XP level 4. HP: 28/45 MP: 4/4
    57 | D        | Reached skill level 6 in Shields
    63 | D        | Found a glowing silver altar of Zin.
    63 | D        | Found a glowing golden altar of the Shining One.
    63 | D        | Found an ancient bone altar of Kikubaaqudgha.
    63 | D        | Found a basalt altar of Yredelemnul.
    63 | D        | Found a shimmering altar of Xom.
    63 | D        | Found a radiant altar of Vehumet.
    64 | D        | Found an iron altar of Okawaru.
    65 | D        | Found a burning altar of Makhleb.
    66 | D        | Found a deep blue altar of Sif Muna.
    67 | D        | Found a bloodstained altar of Trog.
    68 | D        | Found a sparkling altar of Nemelex Xobeh.
    69 | D        | Found a white marble altar of Elyvilon.
    70 | D        | Found a roughly hewn altar of Beogh.
    71 | D        | Found a viscous altar of Jiyva.
    72 | D        | Found a corrupted altar of Lugonu.
    74 | D        | Became a worshipper of Warmaster Okawaru
    76 | D        | Found a blossoming altar of Fedhas.
    77 | D        | Found a snail-covered altar of Cheibriados.
    78 | D        | Found a shadowy altar of Dithmenos.
    79 | D        | Found a stormy altar of Qazlal.
    80 | D        | Found an opulent altar of Gozag.
    81 | D        | Found a sacrificial altar of Ru.
    82 | D        | Found an oddly glowing altar of Pakellas.
    83 | D        | Found a hide-covered altar of Uskayaw.
    84 | D        | Found a hazy altar of Hepliaklqana.
   102 | D        | Got the +3 war axe of the Sky {freeze, rC+ MP+9}
   120 | D        | Noticed a yak
   120 | D        | Noticed a giant frog
   120 | D        | Noticed a necrophage
   120 | D        | Noticed a giant frog
   122 | D        | Killed a giant frog
   122 | D        | Reached skill level 5 in Fighting
   122 | D        | Reached skill level 5 in Axes
   122 | D        | Reached skill level 7 in Shields
   122 | D        | Reached XP level 5. HP: 52/52 MP: 5/5
   131 | D        | Killed a necrophage
   133 | D        | Reached skill level 8 in Shields
   133 | D        | Reached XP level 6. HP: 57/62 MP: 6/6
   136 | D        | Reached * piety under Okawaru
   136 | D        | Reached skill level 5 in Dodging
   140 | D        | Killed a yak
   148 | D        | Noticed a vampire
   148 | D        | Noticed a skeletal warrior
   150 | D        | Slain by a skeletal warrior

Vault maps used:
D:        linesprint

Skill      XL: |  1  2  3  4  5  6 |
---------------+-------------------+-----
Fighting       | 3 4 5 6 |  6.8
Shields        | 4 5 7 8 |  8.9
Armour         | 5 6 7 |  7.9
Axes           | 3 5 7 |  7.2
Dodging        | 1 3 4 6 |  6.2

Action                   |  1- 3 |  4- 6 || total
-------------------------+-------+-------++-------
Melee: War axe           |    33 |    35 ||    68
Evoke: Wand              |       |     1 ||     1
Armor: Scale mail        |    16 |    23 ||    39
Dodge: Dodged            |    20 |     9 ||    29
Block: Shield            |    15 |    23 ||    38
